 Dungeon Crawl Stone Soup version 0.28.0-53-g5a82cb258f (webtiles) character file.

Game seed: 10242400078993317490

452128 quokkamancerX the Slayer (level 24, -12/378 HPs)
             Began as a Naga Berserker on July 9, 2022.
             Was a High Priest of Trog.
             Mangled by a storm dragon (15 damage)
             ... on level 4 of the Vaults on July 10, 2022.
             The game lasted 03:43:31 (53866 turns).

quokkamancerX the Slayer (Naga Berserker)          Turns: 53866, Time: 03:43:31

Health: -12/378    AC: 39    Str: 33    XL:     24   Next: 31%
Magic:  23/23      EV: 11    Int:  7    God:    Trog [*****.]
Gold:   4556       SH: 20    Dex: 16    Spells: 23/23 levels left

rFire   + + +      SeeInvis +   a - +9 eveningstar (flame)
rCold   + . .      Faith    .   S - +0 tower shield
rNeg    + . .      Spirit   .   I - +2 plate armour {rF+}
rPois   +          Reflect  .   D - -2 hat of the Alchemist {rElec rPois rF+ rC+ rN+ Will+ rMut rCorr}
rElec   +          Harm     .   z - +2 cloak
rCorr   +          Rampage  .   K - +2 pair of gloves {Str+3}
rMut    +                       o - +0 barding of Darkness {rF+}
Will    ++++.                   x - amulet of regeneration
Stlth   ..........              e - +4 ring of protection
HPRegen 1.53/turn               H - ring of the Octopus King {rCorr AC+1 EV+1 Str+1 Int+1 Dex+1}
MPRegen 0.18/turn

@: berserking, on fire, attractive, glowing, quick
A: AC +8, large, see invisible, deformed body, poison resistance, slowness 2,
spit poison 1, naga tail 2, agile 1, dopey 1, mutation resistance 1
}: 2/15 runes: decaying, serpentine
a: Spit Poison, Renounce Religion, Berserk, Trog's Hand, Brothers in Arms


You were on level 4 of the Vaults.
You worshipped Trog.
Trog was extremely pleased with you.
You visited 7 branches of the dungeon, and saw 40 of its levels.

You collected 6264 gold pieces.
You spent 1708 gold pieces at shops.

Inventory:

Hand Weapons
 a - a +9 eveningstar of flaming (weapon)
Missiles
 d - 5 curare-tipped darts (quivered)
 r - a silver javelin
 X - 2 throwing nets
Armour
 o - the +0 barding of Darkness (worn) {rF+}
   (You acquired it on level 2 of the Depths)

   rF:        It protects you from fire.
 z - a +2 cloak (worn)
 D - the -2 hat of the Alchemist (worn) {rElec rPois rF+ rC+ rN+ Will+ rMut rCorr}
   (You found it on level 4 of the Depths)

   rF:        It protects you from fire.
   rC:        It protects you from cold.
   rElec:     It insulates you from electricity.
   rPois:     It protects you from poison.
   rN:        It protects you from negative energy.
   rCorr:     It protects you from acid and corrosion.
   rMut:      It protects you from mutation.
   Will:      It increases your willpower.
 I - a +2 plate armour of fire resistance (worn)
 K - a +2 pair of gloves of strength (worn)
 S - a +0 tower shield (worn)
Jewellery
 e - a +4 ring of protection (left hand)
 x - an amulet of regeneration (around neck)
 H - a ring of the Octopus King (right hand) {rCorr AC+1 EV+1 Str+1 Int+1 Dex+1}
   (You found it on level 3 of the Lair of Beasts)

   [ring of resist corrosion]

   AC:        It affects your AC (+1).
   EV:        It affects your evasion (+1).
   Str:       It affects your strength (+1).
   Int:       It affects your intelligence (+1).
   Dex:       It affects your dexterity (+1).
   rCorr:     It protects you from acid and corrosion.
Wands
 h - a wand of flame (46)
 j - a wand of mindburst (8)
 B - a wand of iceblast (9)
 E - a wand of digging (6)
 L - a wand of acid (24)
 M - a wand of polymorph (13)
 V - a wand of charming (3)
 Y - a wand of paralysis (8)
Scrolls
 b - 5 scrolls of immolation
 c - 17 scrolls of teleportation
 k - 5 scrolls of vulnerability
 p - 3 scrolls of fog
 q - 7 scrolls of magic mapping
 w - a scroll of enchant weapon
 y - a scroll of fear
 G - 4 scrolls of brand weapon
 N - 2 scrolls of silence
 P - 2 scrolls of holy word
 W - a scroll of enchant armour
Potions
 f - 21 potions of curing
 i - 3 potions of attraction
 m - 4 potions of invisibility
 s - 6 potions of mutation
 u - 2 potions of ambrosia
 v - a potion of cancellation
 A - 4 potions of haste
 C - 6 potions of lignification
 F - 4 potions of heal wounds
 J - 3 potions of resistance
 O - 7 potions of flight
Miscellaneous
 T - a condenser vane
 U - a phantom mirror


   Skills:
 + Level 22.0 Fighting
 - Level 16.0 Maces & Flails
 - Level 16.0 Armour
 - Level 16.0 Dodging
 - Level 16.0 Shields
 - Level 16.0 Evocations


You had 23 spell levels left.
You didn't know any spells.
Your spell library was empty.

Dungeon Overview and Level Annotations

Branches:
Dungeon (15/15)            Temple (0/1) D:6            Lair (6/6) D:8
  Swamp (4/4) Lair:4        Snake (4/4) Lair:3        Slime (0/5) Lair:5
    Orc (2/2) D:10            Elf (0/3) Orc:2        Vaults (4/5) D:14
  Crypt (0/3) Vaults:3     Depths (4/4) D:15            Zot (0/5) Depths:4

Altars:
Ashenzari
Cheibriados
Elyvilon
Fedhas
Nemelex Xobeh
Ru
Wu Jian
Yredelemnul
Zin
Jiyva
Lugonu

Shops:
D:10 (   Orc:1 *!:?(   Orc:2 **!(   Snake:3 *(   Vaults:2 ***!

Portals:
Hell: Depths:1 Depths:2 Depths:3 Depths:4
Abyss: Depths:1 Depths:2 Depths:3
Pandemonium: Depths:2
Ziggurat: Depths:1
Trove: Depths:4 (give +8 demon blade)

Annotations:
D:5 2 transporters, Jackthecabe's ghost, amateur VSBr
Lair:4 2 transporters, Decep's ghost, journeyman MiBe
Swamp:4 exclusion: 2 oklob plants
Depths:4 1 runed translucent door


Innate Abilities, Weirdness & Mutations

Your serpentine skin is tough. (AC +8)
You have supernaturally acute eyesight. (SInv)
Armour fits poorly on your strangely shaped body.
Your system is resistant to poisons. (rPois)
You cover ground very slowly.
You can spit poison.
You can use your snake-like lower body to constrict enemies.
You are agile. (Dex +2)
You are dopey. (Int -2)
You are somewhat resistant to further mutation.


Message History

The ironbound preserver explodes!
The fiery explosion engulfs the red very ugly thing.
The red very ugly thing resists.
Flame seeps out of the red very ugly thing.
The red very ugly thing is lightly wounded.
The fiery explosion engulfs the red very ugly thing!
The red very ugly thing resists.
Flame seeps out of the red very ugly thing.
The red very ugly thing is lightly wounded.
The fiery explosion engulfs the storm dragon!!
Flame seeps out of the storm dragon.
The storm dragon is heavily wounded.
The fiery explosion engulfs you. You resist.
* * * LOW HITPOINT WARNING * * *
The fiery explosion engulfs the deep elf demonologist!!!
Trog accepts your kill.
Trog appreciates your killing of a magic user.
The deep elf demonologist explodes!
The fiery explosion engulfs the yaktaur captain!!!
Flame seeps out of the yaktaur captain.
The yaktaur captain is heavily wounded.
The fiery explosion engulfs you. You resist.
* * * LOW HITPOINT WARNING * * *
The fiery explosion engulfs the storm dragon!!
Flame seeps out of the storm dragon.
The storm dragon is almost dead.
The red very ugly thing is engulfed in blazing flames.
Flame seeps out of the red very ugly thing.
The red very ugly thing tail-slaps you but does no damage.
The yaktaur captain is engulfed in blazing flames.
Flame seeps out of the yaktaur captain.
The yaktaur captain hits you!!
* * * LOW HITPOINT WARNING * * *
Your Fighting skill increases to level 22!
You are too berserk!
You are engulfed in blazing flames.
You resist.
* * * LOW HITPOINT WARNING * * *
You are covered in liquid flames!
The storm dragon is engulfed in blazing flames.
Flame seeps out of the storm dragon.
The storm dragon bites you!
You die...

###################....##########
.................................
.................................
........###########......########
........#.........#......#####...
........#.........#......##..#.##
........#.........#......##..+.##
........#......c§§#......###'#...
........#.....uC@§#......#....#+#
........#.....u°D§'......#.##.#..
........#.....§§..#......#.##.'..
........###########..[...#....###
[........................########
.................................
)................................
'###########'######....##########
..#.# ##...## #....# #.


You could see a storm dragon (inner flame, sheltered), 2 very ugly things, a
fire giant (sheltered) and a yaktaur captain (inner flame, strong, sheltered).

Vanquished Creatures
  A dread lich (Depths:2)
  An ancient lich (Depths:2)
  A juggernaut (Depths:2)
  Boris (Vaults:5)
  Xtahua (Depths:3)
  Saint Roka (Snake:3)
  5 caustic shrikes
  Nikola (Swamp:2)
  The ghost of DocClef the Conqueror, a veteran GrBe of Trog (Depths:2)
  2 golden dragons (Depths:4)
  A bone dragon (Depths:4)
  A tentacled monstrosity (Vaults:5)
  Jorgrun (Snake:3)
  A walking crystal tome (Depths:3)
  4 liches
  Asterion (Snake:1)
  A walking divine tome (Depths:3)
  A walking frostbound tome (Depths:2)
  A quicksilver dragon (Depths:3)
  5 sphinxes
  Gastronok (Lair:1)
  Agnes (D:15)
  3 thorn hunters (Swamp:4)
  Roxanne (D:15)
  A tengu reaver (Vaults:1)
  2 storm dragons (Depths:4)
  Kirke (Swamp:3)
  Donald (Snake:2)
  2 shadow dragons
  4 nagarajas (Snake:4)
  5 fire giants
  An iron dragon (Depths:3)
  Aizul (Snake:3)
  A fenstrider witch (Swamp:4)
  10 frost giants
  A balrug (Depths:2)
  Louise (D:14)
  A spectral juggernaut (Depths:2)
  6 vault wardens
  4 spectral caustic shrikes
  2 draconian shifters (Depths:4)
  A draconian stormcaller (Depths:4)
  3 ghouls
  39 very ugly things
  2 spriggan defenders (Depths:3)
  16 ironbound preservers
  13 stone giants
  A war gargoyle (Vaults:1)
  4 vampire knights
  Azrael (D:12)
  A deep elf demonologist (Vaults:4)
  4 eleionomae
  A green draconian (Depths:4)
  4 ironbound thunderhulks
  A spectral titan (Depths:2)
  2 black draconians (Depths:4)
  An entropy weaver (Vaults:4)
  5 spark wasps
  4 white draconians (Depths:4)
  17 dire elephants
  5 purple draconians (Depths:4)
  A bunyip (Swamp:2)
  2 yellow draconians (Depths:4)
  2 red draconians (Depths:4)
  Snorg (D:10)
  A merfolk javelineer (Depths:3)
  11 ettins
  2 crystal guardians (Vaults:3)
  Josephine (Orc:1)
  3 shambling mangroves
  13 fire dragons
  5 rakshasas
  5 great orbs of eyes
  4 yaktaur captains
  A spectral spriggan (Depths:2)
  A deep elf high priest (Vaults:5)
  5 salamander tyrants
  30 vault guards
  2 death knights (Vaults:3)
  11 ice dragons
  9 naga warriors
  2 peacekeepers
  3 spriggan air magi
  Erolcha (D:10)
  2 ghost crabs
  A spectral tengu (Depths:2)
  5 boulder beetles
  4 catoblepae
  15 centaur warriors
  20 hydras
  13 ironbound frosthearts
  12 alligators
  16 anacondas
  4 ogre magi (Orc:2)
  20 two-headed ogres
  3 deep troll shamans
  11 deep troll earth magi
  An orc high priest (Orc:1)
  A vampire mage (Depths:3)
  17 death yaks
  9 spriggan berserkers
  5 tengu warriors
  18 naga sharpshooters
  A shock serpent (shapeshifter) (D:14)
  Sonja (Lair:6)
  A sun demon (Depths:2)
  4 shock serpents
  Nergalle (Lair:1)
  2 hell knights
  2 shadow wraiths
  4 salamander mystics
  7 goliath frogs
  2 skeletal warriors (D:14)
  11 iron trolls
  3 flayed ghosts
  6 spriggan druids
  A deep troll (shapeshifter) (D:15)
  70 deep trolls
  A naga ritualist (Snake:1)
  6 swamp dragons
  5 glowing orange brains
  A steelbarb worm (shapeshifter) (D:14)
  5 wizards
  A spriggan simulacrum (Depths:2)
  3 bog bodies
  22 lindwurms
  4 necromancers
  4 phantasmal warriors
  5 spectral hydras (Swamp:4)
  7 ironbound convokers
  6 mana vipers
  A tengu zombie (Vaults:1)
  An orc sorcerer (Orc:1)
  5 deep elf pyromancers
  5 harpies
  5 cyclopes
  An oklob plant (Lair:6)
  An orc knight (D:14)
  7 manticores
  A tengu skeleton (Vaults:3)
  14 salamanders
  A wolf spider (Lair:6)
  10 elephants
  A stone giant skeleton (Vaults:2)
  7 will-o-the-wisps
  A cyclops (shapeshifter) (Vaults:4)
  2 human zombies
  27 black mambas
  A frost giant skeleton (Vaults:2)
  38 ugly things
  7 vault sentinels
  An elf zombie (Vaults:2)
  3 torpor snails
  12 cane toads
  A smoke demon (Depths:2)
  A guardian serpent (Snake:2)
  A storm dragon simulacrum (Depths:2)
  19 naga magi
  An unseen horror (D:12)
  3 gargoyles
  Psyche (D:12)
  25 yaktaurs
  8 freezing wraiths
  10 komodo dragons
  2 yaktaur skeletons
  5 tengu conjurers
  4 rime drakes
  2 efreet
  A meliai (shapeshifter) (D:14)
  2 guardian mummies (Depths:4)
  A golden dragon simulacrum (Depths:2)
  3 hydra zombies (Swamp:4)
  6 trolls
  2 polar bears
  4 death drake zombies (Swamp:4)
  13 tyrant leeches
  24 hornets
  8 blink frogs
  33 slime creatures
  A jumping spider (Vaults:4)
  An ettin zombie (Vaults:3)
  2 meliai zombies (D:11)
  A centaur simulacrum (D:14)
  59 yaks
  4 fire elementals (D:12)
  6 wraiths
  4 shadows
  A dire elephant simulacrum (Lair:3)
  An ettin skeleton (Vaults:1)
  18 spriggans
  5 vampires
  4 water elementals
  10 humans (D:14)
  A hog (Swamp:3)
  3 steam dragons
  11 basilisks
  A redback (shapeshifter) (Depths:3)
  A redback simulacrum (D:15)
  A redback (Vaults:4)
  13 vampire mosquitoes
  4 wargs
  51 nagas
  17 swamp worms
  3 hell hounds (D:12)
  3 acid dragons (D:14)
  A hydra simulacrum (Swamp:4)
  16 water moccasins
  3 floating eyes
  5 swamp drakes
  2 ice beasts
  2 swamp dragon zombies (Swamp:4)
  18 orc warriors
  3 black bears
  A black mamba simulacrum (Lair:3)
  3 sky beasts
  32 ogres
  2 necrophages
  6 wolves (Lair:1)
  12 centaurs
  3 boggarts
  A swamp dragon skeleton (Swamp:4)
  3 kobold brigands
  A phantom (D:5)
  10 bullfrogs
  A glowing shapeshifter simulacrum (Depths:2)
  A wyvern zombie (D:8)
  6 scorpions
  A wyvern skeleton (D:5)
  6 killer bees
  3 wights (D:7)
  4 howler monkeys
  A rime drake simulacrum (Lair:3)
  2 centaur zombies (D:8)
  4 hounds
  A water moccasin simulacrum (Lair:3)
  2 jellies (D:5)
  11 orc priests
  2 bullfrog skeletons
  An iguana (D:4)
  13 orc wizards
  6 hell rats
  A bullfrog simulacrum (Lair:3)
  2 hound zombies (D:5)
  A black bear simulacrum (Lair:3)
  A hound skeleton (D:5)
  4 gnolls
  9 river rats (Lair:5)
  3 adders
  A white imp (D:6)
  2 ufetubi (D:6)
  3 dart slugs (D:1)
  47 orcs
  4 bats
  10 endoplasms
  4 giant cockroaches
  A goblin (shapeshifter) (Depths:3)
  7 goblins
  8 hobgoblins
  4 jackals
  4 quokkas
  7 ball pythons
  5 frilled lizards
  A jackal skeleton (D:3)
  19 kobolds
  7 rats
  A plant (Depths:1)
1589 creatures vanquished.

Vanquished Creatures (collateral kills)
  Rupert (Lair:4)
  A vault warden (Vaults:3)
  3 very ugly things (Vaults:3)
  A bunyip (Swamp:4)
  2 crystal guardians (Vaults:1)
  A yaktaur captain (Vaults:1)
  An ironbound frostheart (Vaults:1)
  An alligator (Swamp:2)
  3 hell knights (Depths:1)
  A swamp dragon (Swamp:4)
  2 necromancers (Depths:1)
  2 yaktaurs
  A tyrant leech (Swamp:2)
  2 hornets (Swamp:2)
  A swamp worm (Swamp:2)
23 creatures vanquished.

Vanquished Creatures (others)
  A wizard (D:14)
  A cyclops (D:14)
  A bloated husk (Swamp:1)
  A human (D:14)
  A boggart (Vaults:3)
  An orc wizard (Orc:1)
  A quokka (Depths:2)
  4 briar patches (Swamp:4)
  36 foxfires
  63 fungi
  97 plants
207 creatures vanquished.

Grand Total: 1819 creatures vanquished

Notes
Turn   | Place    | Note
-------+----------+-------------------------------------------
     0 | D:1      | quokkamancerX the Naga Berserker began the quest for the
                  | Orb.
     0 | D:1      | Reached XP level 1. HP: 21/21 MP: 1/1
   323 | D:1      | Reached XP level 2. HP: 28/28 MP: 2/2
   550 | D:1      | Reached XP level 3. HP: 29/34 MP: 3/3
   775 | D:1      | Reached ** piety under Trog
  1346 | D:2      | Found a faded altar of an unknown god.
  1384 | D:2      | Reached XP level 4. HP: 42/42 MP: 4/4
  1775 | D:2      | Reached skill level 5 in Maces & Flails
  2294 | D:3      | Reached XP level 5. HP: 49/49 MP: 5/5
  2453 | D:3      | Found a sparkling altar of Nemelex Xobeh.
  3155 | D:4      | Noticed an ogre
  3155 | D:4      | Noticed an ogre
  3166 | D:4      | Killed an ogre
  3167 | D:4      | Reached XP level 6. HP: 51/56 MP: 6/6
  3512 | D:4      | Reached XP level 7. HP: 47/62 MP: 7/7
  4150 | D:5      | Entered Level 5 of the Dungeon
  4393 | D:5      | Found a transporter.
  4397 | D:5      | Found a transporter.
  4397 | D:5      | Noticed Jackthecabe's ghost (amateur VSBr)
  4431 | D:5      | Noticed a komodo dragon
  4441 | D:5      | Killed a komodo dragon
  4442 | D:5      | Reached XP level 8. HP: 43/69 MP: 8/8
  4680 | D:5      | Reached skill level 10 in Maces & Flails
  5166 | D:5      | Reached *** piety under Trog
  5996 | D:6      | Reached XP level 9. HP: 67/75 MP: 9/9
  6035 | D:6      | Found a staircase to the Ecumenical Temple.
  7763 | D:7      | Identified the +3 leather armour of Roryefam {rElec rN+
                  | rCorr Dex-4}
  7861 | D:7      | Found a snail-covered altar of Cheibriados.
  7863 | D:7      | Found a basalt altar of Yredelemnul.
  7863 | D:7      | Found a white marble altar of Elyvilon.
  7942 | D:8      | Noticed a hornet
  7947 | D:8      | Killed a hornet
  8138 | D:7      | Reached XP level 10. HP: 77/84 MP: 10/10
  8200 | D:8      | Reached skill level 4 in Fighting
  8325 | D:8      | Reached skill level 5 in Fighting
  8534 | D:8      | Found a staircase to the Lair.
  8701 | D:8      | Reached skill level 6 in Fighting
  9193 | D:9      | Noticed a two-headed ogre
  9202 | D:9      | Killed a two-headed ogre
  9203 | D:9      | Reached skill level 7 in Fighting
  9268 | D:9      | Reached skill level 8 in Fighting
  9747 | D:9      | Noticed a two-headed ogre
  9758 | D:9      | Killed a two-headed ogre
  9847 | D:9      | Identified the ring "Zeilis" {MP+9 Str+2}
  9996 | D:9      | Reached skill level 9 in Fighting
 10163 | D:9      | Reached XP level 11. HP: 98/106 MP: 11/11
 10295 | D:9      | Found an ornate altar of the Wu Jian Council.
 10384 | D:10     | Entered Level 10 of the Dungeon
 10385 | D:10     | Identified the +2 robe of Omaemoot {-Tele Int+7}
 10453 | D:10     | Noticed Erolcha
 10453 | D:10     | Noticed a two-headed ogre
 10493 | D:9      | Reached skill level 10 in Fighting
 10563 | D:10     | Noticed Snorg
 10580 | D:10     | Killed Snorg
 10671 | D:10     | Found Zaseysorea's Antique Weapon Boutique.
 10681 | D:10     | Bought a morningstar for 132 gold pieces
 10846 | D:10     | Killed a two-headed ogre
 11081 | D:10     | Found a staircase to the Orcish Mines.
 11252 | D:10     | Found a sacrificial altar of Ru.
 11403 | D:10     | Killed Erolcha
 11404 | D:10     | Reached skill level 15 in Maces & Flails
 11512 | D:11     | Noticed an eight-headed hydra
 11524 | D:11     | Killed an eight-headed hydra
 11527 | D:11     | Noticed a two-headed ogre
 11562 | D:11     | Killed a two-headed ogre
 11610 | D:11     | Noticed a two-headed ogre
 11666 | D:11     | Noticed a manticore
 11675 | D:11     | Killed a manticore
 11712 | D:11     | Noticed a boulder beetle
 11721 | D:11     | Killed a boulder beetle
 11863 | D:11     | Reached XP level 12. HP: 118/118 MP: 12/12
 12083 | D:11     | Reached skill level 11 in Fighting
 12315 | D:11     | Killed a two-headed ogre
 12552 | Lair:1   | Entered Level 1 of the Lair of Beasts
 12594 | Lair:1   | Reached **** piety under Trog
 12640 | Lair:1   | You fall into a shaft and drop 1 floor!
 12648 | Lair:1   | Noticed Gastronok
 12664 | Lair:1   | Killed Gastronok
 12665 | Lair:1   | Reached skill level 12 in Fighting
 12665 | Lair:1   | Reached skill level 1 in Shields
 12790 | Lair:1   | Noticed a four-headed hydra
 12803 | Lair:1   | Killed a four-headed hydra
 12990 | Lair:1   | Noticed Nergalle
 13005 | Lair:1   | Killed Nergalle
 13290 | Lair:1   | Reached skill level 5 in Shields
 13904 | Lair:2   | Gained mutation: You can use your snake-like lower body to
                  | constrict enemies. [Naga growth]
 13904 | Lair:2   | Reached XP level 13. HP: 83/129 MP: 13/13
 14130 | Lair:2   | Reached skill level 5 in Dodging
 14760 | Lair:2   | Gained mutation: You do not regenerate when monsters are
                  | visible. [potion of mutation]
 14761 | Lair:2   | Lost mutation: You do not regenerate when monsters are
                  | visible. [potion of mutation]
 14761 | Lair:2   | Gained mutation: Your spells are a little harder to cast,
                  | but a little more powerful. [potion of mutation]
 14761 | Lair:2   | Gained mutation: You passively map a small area around you.
                  | [potion of mutation]
 14761 | Lair:2   | Gained mutation: You are dopey. (Int -2) [potion of
                  | mutation]
 14762 | Lair:2   | Lost mutation: You are dopey. (Int -2) [potion of mutation]
 14762 | Lair:2   | Lost mutation: Your spells are a little harder to cast, but
                  | a little more powerful. [potion of mutation]
 14762 | Lair:2   | Lost mutation: You passively map a small area around you.
                  | [potion of mutation]
 14762 | Lair:2   | Gained mutation: You are dopey. (Int -2) [potion of
                  | mutation]
 14762 | Lair:2   | Gained mutation: You are agile. (Dex +2) [potion of
                  | mutation]
 14762 | Lair:2   | Gained mutation: You are somewhat resistant to further
                  | mutation. [potion of mutation]
 14810 | Lair:3   | Found a transporter.
 14939 | Lair:3   | Found a transporter.
 15298 | Lair:3   | Found the ring of the Octopus King
 15302 | Lair:3   | Identified a ring of the Octopus King {rCorr AC+1 EV+1
                  | Str+1 Int+1 Dex+1}
 15456 | Lair:3   | Found a staircase to the Snake Pit.
 16026 | Lair:4   | Noticed Decep's ghost (journeyman MiBe)
 16028 | Lair:4   | Found a transporter.
 16142 | Lair:4   | Reached skill level 5 in Armour
 16169 | Lair:4   | Found a staircase to the Swamp.
 16310 | Lair:4   | Found a transporter.
 16514 | Lair:4   | Noticed Rupert
 16522 | Lair:4   | Killed Rupert
 17241 | Lair:5   | Found a staircase to the Slime Pits.
 17241 | Lair:5   | Found a viscous altar of Jiyva.
 17569 | Lair:6   | Entered Level 6 of the Lair of Beasts
 17580 | Lair:6   | Reached skill level 1 in Evocations
 17586 | Lair:6   | Reached XP level 14. HP: 138/138 MP: 14/14
 17624 | Lair:6   | Reached skill level 5 in Evocations
 18205 | Lair:6   | Identified the +1 chain mail of Oblivion {Harm rN+++ Regen+
                  | Int-5}
 18273 | Lair:6   | Reached ***** piety under Trog
 18379 | Lair:6   | Noticed Sonja
 18411 | Lair:6   | Killed Sonja
 18981 | Lair:6   | Reached skill level 13 in Fighting
 19576 | D:12     | Reached skill level 14 in Fighting
 20099 | D:12     | Noticed Psyche
 20103 | D:12     | Killed Psyche
 20104 | D:12     | Reached XP level 15. HP: 151/151 MP: 15/15
 20299 | D:12     | Noticed Azrael
 20324 | D:12     | Killed Azrael
 20800 | Orc:1    | Entered Level 1 of the Orcish Mines
 20800 | Orc:1    | Found Bycoir's Book Emporium.
 20920 | Orc:1    | Found Jyfrin's Magic Scroll Boutique.
 21173 | Orc:1    | Bought a scroll of acquirement for 520 gold pieces
 21328 | Orc:1    | Noticed Josephine
 21336 | Orc:1    | Reached skill level 15 in Fighting
 21361 | Orc:1    | Killed Josephine
 21375 | Orc:1    | Received a gift from Trog
 21447 | Orc:1    | Found Tevihul's Assorted Antiques.
 21456 | Orc:1    | Found Oqeesewk's Distillery.
 21613 | Orc:1    | Found Oxutan's Antique Weapon Shoppe.
 21712 | Orc:2    | Entered Level 2 of the Orcish Mines
 22013 | Orc:2    | Paralysed by an ogre mage for 6 turns
 22199 | Orc:2    | Found a staircase to the Elven Halls.
 22336 | Orc:2    | Found Ugeabbog's Antique Weapon Shoppe.
 22336 | Orc:2    | Found Cafev's Distillery.
 22337 | Orc:2    | Found Icirugie's Assorted Antiques.
 22337 | Orc:2    | Found Tihed's General Store.
 22347 | Orc:2    | Bought a scroll of enchant weapon for 120 gold pieces
 22748 | Orc:2    | Acquired a manual of Dodging
 22769 | Orc:1    | Bought a scroll of magic mapping for 98 gold pieces
 22769 | Orc:1    | Bought a scroll of teleportation for 84 gold pieces
 22816 | Orc:2    | Bought a potion of haste for 140 gold pieces
 22816 | Orc:2    | Bought 2 potions of heal wounds for 140 gold pieces
 22816 | Orc:2    | Bought a potion of might for 56 gold pieces
 22870 | Orc:1    | Bought a potion of heal wounds for 55 gold pieces
 22870 | Orc:1    | Bought a potion of might for 44 gold pieces
 23286 | D:13     | You fall into a shaft and drop 2 floors!
 23286 | D:15     | Entered Level 15 of the Dungeon
 23294 | D:15     | Identified the +11 falchion of Dung {freeze, Fragile rPois
                  | Will+++ Dex+3}
 23430 | D:15     | Received a gift from Trog
 23635 | D:15     | Noticed Agnes
 23648 | D:15     | Killed Agnes
 23766 | D:15     | Reached skill level 10 in Dodging
 23833 | D:15     | Found a blossoming altar of Fedhas.
 23892 | D:15     | Identified Roxanne's Catalogue of Transmigration
 23892 | D:15     | Noticed Roxanne
 23918 | D:15     | Killed Roxanne
 23919 | D:15     | Reached XP level 16. HP: 96/163 MP: 16/16
 24420 | D:15     | Found a staircase to the Depths.
 24790 | D:14     | Noticed Louise
 24810 | D:14     | Killed Louise
 24917 | D:14     | Found a glowing silver altar of Zin.
 25117 | D:14     | Found a gate to the Vaults.
 25124 | D:14     | Identified the +0 broad axe "Bufed" {flame, Str-3 Int+4}
 25606 | D:14     | Identified the ring of Makhleb's Whim {Fire rElec Will++
                  | MP+9 Int-3}
 25656 | D:14     | Received a gift from Trog
 25791 | D:14     | Reached skill level 15 in Dodging
 26690 | D:13     | Reached XP level 17. HP: 170/170 MP: 17/17
 27260 | Swamp:1  | Entered Level 1 of the Swamp
 27260 | Swamp:1  | You fall into a shaft and drop 1 floor!
 28199 | Swamp:2  | Received a gift from Trog
 28341 | Swamp:2  | Noticed Nikola
 28356 | Swamp:2  | Killed Nikola
 28598 | Swamp:2  | Reached skill level 10 in Shields
 28889 | Swamp:3  | Noticed Kirke
 28900 | Swamp:3  | Killed Kirke
 29467 | Snake:1  | Entered Level 1 of the Snake Pit
 29502 | Snake:1  | Received a gift from Trog
 29925 | Snake:1  | Reached XP level 18. HP: 167/178 MP: 18/18
 29951 | Snake:1  | Noticed Asterion
 29964 | Snake:1  | Killed Asterion
 31037 | Snake:2  | You fall into a shaft and drop 1 floor!
 31112 | Snake:3  | Reached skill level 16 in Fighting
 31275 | Snake:3  | Found Megoan's Weapon Shoppe.
 31279 | Snake:3  | Found Tuexucviv's General Store.
 31289 | Snake:3  | Noticed Saint Roka
 31300 | Snake:3  | Killed Saint Roka
 31332 | Snake:3  | Bought a scroll of magic mapping for 59 gold pieces
 31703 | Snake:2  | Noticed Donald
 31714 | Snake:2  | Killed Donald
 32096 | Snake:2  | Received a gift from Trog
 32442 | Snake:3  | Reached skill level 17 in Fighting
 32476 | Snake:3  | Noticed Aizul
 32485 | Snake:3  | Killed Aizul
 32953 | Snake:3  | Noticed Jorgrun
 32967 | Snake:3  | Killed Jorgrun
 33144 | Snake:4  | Entered Level 4 of the Snake Pit
 33631 | Snake:4  | Identified the +9 dagger "Egei" {vorpal, rPois rF++ Will-
                  | SInv}
 33889 | Snake:4  | Reached skill level 18 in Fighting
 34565 | Snake:4  | Reached XP level 19. HP: 196/196 MP: 19/19
 34752 | Snake:4  | Reached ****** piety under Trog
 34983 | Snake:4  | Received a gift from Trog
 35138 | Snake:4  | Reached skill level 19 in Fighting
 35206 | Snake:4  | Got a serpentine rune of Zot
 35472 | Swamp:4  | Entered Level 4 of the Swamp
 36316 | Swamp:4  | Received a gift from Trog
 36384 | Swamp:4  | Reached skill level 20 in Fighting
 36855 | Swamp:4  | Found a basalt altar of Yredelemnul.
 36870 | Swamp:4  | Got a decaying rune of Zot
 37006 | Swamp:4  | Found a blossoming altar of Fedhas.
 37306 | Vaults:1 | Entered Level 1 of the Vaults
 37588 | Vaults:1 | Reached skill level 10 in Armour
 37607 | Vaults:1 | Received a gift from Trog
 38005 | Vaults:1 | Reached XP level 20. HP: 196/211 MP: 20/20
 39497 | Vaults:1 | Received a gift from Trog
 40121 | Vaults:2 | Found Niugeero's Distillery.
 40124 | Vaults:2 | Found Cerug's General Store.
 40126 | Vaults:2 | Found Viddep's Assorted Antiques.
 40128 | Vaults:2 | Bought a potion of haste for 110 gold pieces
 40128 | Vaults:2 | Bought a potion of heal wounds for 55 gold pieces
 40131 | Vaults:2 | Bought a potion of heal wounds for 95 gold pieces
 40136 | Vaults:2 | Found Qiuseet's General Store.
 41697 | Vaults:3 | Received a gift from Trog
 41698 | Vaults:3 | Reached XP level 21. HP: 219/219 MP: 21/21
 42014 | Vaults:3 | Found a staircase to the Crypt.
 42308 | Vaults:3 | Reached skill level 15 in Shields
 43116 | Vaults:4 | Received a gift from Trog
 44151 | Vaults:4 | Reached skill level 10 in Evocations
 44941 | Depths:1 | Entered Level 1 of the Depths
 45226 | Depths:1 | Found a gateway to Hell.
 45284 | Depths:1 | Found a one-way gateway to a ziggurat.
 45525 | Depths:1 | Found a one-way gate to the infinite horrors of the Abyss.
 46360 | Depths:1 | Received a gift from Trog
 46408 | Depths:1 | Reached XP level 22. HP: 207/228 MP: 22/22
 46703 | Depths:2 | Found a white marble altar of Elyvilon.
 46727 | Depths:2 | Found a runed translucent gate.
 46727 | Depths:2 | Found a runed translucent gate.
 46727 | Depths:2 | Found a runed translucent gate.
 46728 | Depths:2 | Noticed a dread lich
 46728 | Depths:2 | Noticed an ancient lich
 46728 | Depths:2 | Noticed DocClef's ghost (veteran GrBe)
 46765 | Depths:2 | Found a one-way gate leading to the halls of Pandemonium.
 46863 | Depths:2 | Noticed a caustic shrike
 46888 | Depths:2 | Killed a caustic shrike
 46990 | Depths:2 | Identified the +3 ring mail "Ebyzelor" {rC+ Str+4 Int+3
                  | Dex-4}
 47700 | Depths:2 | Reached skill level 15 in Evocations
 47776 | Depths:2 | Paralysed by a floating eye for 4 turns
 48021 | Depths:2 | Found a corrupted altar of Lugonu.
 48131 | Depths:2 | Received a gift from Trog
 48142 | Depths:2 | Killed a dread lich
 48149 | Depths:2 | Killed an ancient lich
 48339 | Depths:2 | Acquired the +0 barding of Darkness {rF+}
 48430 | Depths:2 | Found a one-way gate leading to the halls of Pandemonium.
 48493 | Depths:2 | Found a corrupted altar of Lugonu.
 48559 | Depths:2 | Killed DocClef's ghost
 49434 | Depths:3 | Noticed Xtahua
 49451 | Depths:3 | Killed Xtahua
 49486 | Depths:3 | Noticed a juggernaut
 49489 | Depths:3 | Noticed a juggernaut
 49629 | Depths:2 | Killed a juggernaut
 49630 | Depths:2 | Reached XP level 23. HP: 214/235 MP: 23/23
 49778 | Depths:3 | Paralysed by a floating eye for 4 turns
 50976 | Depths:3 | Noticed a caustic shrike
 50992 | Depths:3 | Killed a caustic shrike
 51075 | Depths:4 | Entered Level 4 of the Depths
 51126 | Depths:3 | Reached skill level 15 in Armour
 51348 | Depths:4 | Noticed a golden dragon
 51382 | Depths:4 | Noticed a caustic shrike
 51382 | Depths:4 | Noticed a caustic shrike
 51384 | Depths:4 | Noticed a caustic shrike
 51787 | Depths:4 | Found a runed translucent door.
 51787 | Depths:4 | Found a runed translucent door.
 51811 | Depths:4 | Killed a golden dragon
 51891 | Depths:4 | Found a runed translucent door.
 51925 | Depths:4 | Found a runed translucent door.
 51973 | Depths:4 | Killed a caustic shrike
 51989 | Depths:4 | Killed a caustic shrike
 51999 | Depths:4 | Noticed a golden dragon
 52257 | Depths:3 | Killed a caustic shrike
 52485 | Depths:3 | Received a gift from Trog
 52666 | Depths:4 | Found the -2 hat of the Alchemist {rElec rPois rF+ rC+ rN+
                  | Will+ rMut rCorr}
 52680 | Depths:4 | Found a broken altar of Ashenzari.
 52835 | Depths:4 | Found a portal to a secret trove of treasure.
 53082 | Depths:4 | Found a runed translucent door.
 53086 | Depths:4 | Found a runed translucent door.
 53119 | Depths:4 | Found a gate to the Realm of Zot.
 53173 | Depths:4 | Reached XP level 24. HP: 235/247 MP: 23/23
 53195 | Depths:4 | Reached skill level 21 in Fighting
 53811 | Vaults:5 | Entered Level 5 of the Vaults
 53827 | Vaults:5 | Received a gift from Trog
 53851 | Vaults:5 | Noticed Boris
 53860 | Vaults:5 | Killed Boris
 53865 | Vaults:4 | HP: 3/378 [yaktaur captain (32)]
 53866 | Vaults:4 | Reached skill level 22 in Fighting
 53866 | Vaults:4 | HP: 1/378 [cloud of flame (2)]
 53866 | Vaults:4 | Mangled by a storm dragon

Illustrated notes

Levels and vault maps discovered:
D:1:      pf_arrival_petrified_forest, layout_rooms,
          hangedman_abyss_or_decor_stabs, minmay_three_crescents
D:2:      layout_basic, basic_ecumenical_altar
D:3:      layout_basic, mainiacjoe_overflow_surrounded_room
D:4:      layout_rooms
D:5:      layout_loops_ring, gammafunk_ghost_hive,
          minmay_misc_feat_four_crosses, minivault_27, minivault_26
D:6:      layout_basic, minmay_temple_entry_gardened_gates,
          hangedman_decor_riveting, corexii_corridor_pit,
          minmay_misc_feat_hallway, kennysheep_crisscross
D:7:      layout_rooms, grunt_temple_overflow_diamond, minmay_misc_feat_tower
D:8:      layout_loops_cross, due_lair_maze_entry_diamond
D:9:      layout_stronghold, nzn_wu_jian_council_hall
D:10:     layout_rooms, overflow_temple_1_default, david_orc_3, serial_shops,
          nicolae_shop_statue_plus, uniq_snorg, uniq_erolcha
D:11:     layout_gridville
D:12:     layout_loops_corners, uniq_azrael, uniq_psyche
D:13:     layout_roguey
D:14:     minmay_the_grid_square_5x5_5x5_mashed
          [minmay_the_grid_square_5x5_percent,
          minmay_the_grid_square_5x5_one_wall,
          minmay_the_grid_square_5x5_moneybag,
          minmay_the_grid_square_5x5_two_small, minmay_the_grid_square_5x5_mess,
          minmay_the_grid_square_5x5_eight,
          minmay_the_grid_square_5x5_prize_rear_guard,
          minmay_the_grid_square_5x5_two_walls_a,
          minmay_the_grid_square_5x5_prize_gold, minmay_the_grid_square_5x5_v,
          minmay_the_grid_square_5x5_z, minmay_the_grid_square_5x5_comb,
          minmay_the_grid_square_5x5_prize_snowflake,
          minmay_the_grid_square_5x5_intrusive_squares,
          minmay_the_grid_square_5x5_half_checkered,
          minmay_the_grid_square_5x5_inner_i,
          minmay_the_grid_square_5x5_prize_monsterx,
          minmay_the_grid_square_5x5_inset,
          minmay_the_grid_square_5x5_prize_open,
          minmay_the_grid_square_5x5_pentomino_r,
          minmay_the_grid_square_5x5_spiral_small,
          minmay_the_grid_square_5x5_fat_x, minmay_the_grid_square_5x5_two,
          minmay_the_grid_square_5x5_tetrominoes,
          minmay_the_grid_square_5x5_checkered_statues], layout_cave_pods,
          ximxim_vaults_locker_room, zin_statuary, uniq_louise
D:15:     gammafunk_enter_depths_forms, layout_loops_ring, fedhas_altar_2,
          minmay_misc_feat_pillars, corexii_hall_statues_l, uniq_roxanne,
          uniq_agnes
Lair:1:   layout_chaotic_city, uniq_nergalle, uniq_gastronok
Lair:2:   layout_hall_layers
Lair:3:   gammafunk_cloud_chamber, layout_regular_city, dummy_snake_entry
Lair:4:   layout_regular_city, swamp_mist, gammafunk_ghost_arena,
          grunt_megastairs_4, infiniplex_staircase_pool, uniq_rupert
Lair:5:   layout_misc_corridors, slime_altar_1, fungi_pond_lemuel,
          chequers_serial_rivers_large_b, kennysheep_rathole
Lair:6:   evilmike_catoblepas_cave, layout_gridlike, uniq_sonja
Swamp:1:  layout_basic_swamp, evilmike_swamp_ruin_house_3, swamp_pool3
Swamp:2:  layout_basic_swamp, evilmike_swamp_ruin_house_2, uniq_nikola
Swamp:3:  layout_basic_swamp, serial_swamp_ruin, evilmike_swamp_ruin_wall,
          evilmike_swamp_ruin_rubble_2, uniq_kirke
Swamp:4:  byrel_swamp_growth_death_and_undeath, layout_basic_swamp
Snake:1:  layout_misc_corridors, special_room, uniq_asterion
Snake:2:  layout_grid_maze, nicolae_large_snake_swirl, grunt_megastairs_5,
          uniq_donald
Snake:3:  layout_grid_maze, minmay_shop_star, grunt_megastairs_1, uniq_jorgrun,
          uniq_aizul, uniq_saint_roka
Snake:4:  minmay_snake_end_coiled, layout_cave_town
Orc:1:    layout_caves, serial_shops, nicolae_shop_stone,
          nicolae_shop_statue_plus, nicolae_shop_statue_plus,
          nicolae_shop_statue_plus, nicolae_orc_damp_corner, library_closet,
          guppyfry_orc_lava_fort, uniq_josephine
Orc:2:    st_orc_ogre_mass, layout_caves
Vaults:1: dpeg_vaults_monster_box, vaults_room_fours, vaults_dpeg_hooks,
          grunt_vaults_hallway_long, v_misc_10, ontoclasm_vaults_ring_small,
          vaults_mumra_hexcomb, vaults_room_door_ring, vaults_dpeg_encased_lava,
          ontoclasm_vaults_tryst, nicolae_vaults_hallways_thing,
          vaults_room_glass_cross, layout_vaults_maze
Vaults:2: grunt_vaults_trifunnel, ontoclasm_vaults_bender, vaults_room_pools,
          nicolae_vaults_network_s, grunt_vaults_focal, ontoclasm_vaults_eye,
          nicolae_vaults_little_squares_6, vaults_dpeg_diagonal,
          vaults_room_pool, ontoclasm_vaults_twist, grunt_vaults_hallway_short,
          vaults_room_pool, layout_vaults_big_room, serial_shops,
          nicolae_shop_overgrown_old_shop, shop, nicolae_shop_hallway_stairs,
          nicolae_shop_stone
Vaults:3: v_rooms_3, vaults_room_fancy_cross, hangedman_vaults_stream,
          vaults_room_semicircle, v_misc_15, blue_anna_dwarven_crypt,
          layout_vaults_omnigrid
Vaults:4: grunt_vaults_hallway_short, nicolae_vaults_diagonal_hallway_7,
          v_misc_11, nicolae_vaults_an_arrangement, hangedman_vaults_slither,
          v_misc_13, v_misc_14, nicolae_vaults_little_squares_4,
          ontoclasm_vaults_chip, nicolae_vaults_diagonal_hallway_9,
          vaults_room_hallway, hangedman_vaults_stretched_pinwheel,
          nicolae_vaults_yaktaur_gun_rack, layout_vaults_omnicross
Vaults:5: serial_shops, uniq_boris
Depths:1: layout_cave_shapes, enter_ziggurat_f, pf_hell_entry_tar_river,
          abyss_entry, serial_bayou_pond_c, chequers_serial_rivers_small_3,
          kennysheep_generic_room_4
Depths:2: minmay_imperfect_grid, layout_basic, lightli_too_deep, pan_entry,
          elyvilon_altar_4, gammafunk_ghost_necromancy, abyss_entry_flame_altar,
          kennysheep_generic_room_6, infiniplex_staircase_zigzag_2
Depths:3: nicolae_legendary_halls, layout_cave_pools, hell_entry,
          hangedman_glass_teeth, abyss_entry, hangedman_abyss_or_decor_stagger,
          lightli_minifort, uniq_xtahua
Depths:4: evilmike_zot_entry_castle, layout_cave_shapes,
          pf_hell_entry_great_geh, chequers_serial_rivers_small_3,
          nicolae_trove_entry_path_of_doom, cheibrodos_ashenzari_chains

Skill      XL: |  1  2  3  4  5  6  7  8  9 10 11 12 13 14 15 16 17 18 19 20 21 22 23 24 |
---------------+-------------------------------------------------------------------------+-----
Maces & Flails | 4 5 6 7 9 11 13 14 16 | 16.0
Fighting       | 9 10 12 14 15 18 20 22 | 22.0
Shields        | 6 8 11 12 14 16 | 16.0
Dodging        | 4 6 10 15 16 | 16.0
Armour         | 8 10 12 13 16 | 16.0
Evocations     | 2 8 12 16 | 16.0

Action                   |  1- 3 |  4- 6 |  7- 9 | 10-12 | 13-15 | 16-18 | 19-21 | 22-24 || total
-------------------------+-------+-------+-------+-------+-------+-------+-------+-------++-------
Melee: Mace              |    14 |       |       |       |       |       |       |       ||    14
       Dagger            |    35 |    56 |       |       |       |       |       |       ||    91
       Punch             |     1 |     4 |       |       |       |       |       |       ||     5
       Short sword       |       |    49 |    12 |       |       |       |       |       ||    61
       Flail             |       |       |   269 |   192 |       |       |       |       ||   461
       Morningstar       |       |       |       |   354 |  1081 |    70 |       |       ||  1505
       Constrict         |       |       |       |       |   232 |   235 |   250 |   155 ||   872
       Eveningstar       |       |       |       |       |       |  1042 |  1379 |  1097 ||  3518
 Fire: Hunting sling     |       |     5 |     5 |     8 |     3 |     2 |       |       ||    23
Throw: Dart              |       |       |     2 |     5 |     4 |    11 |     8 |     4 ||    34
Invok: Berserk           |       |     4 |     8 |    23 |    15 |     7 |    15 |    10 ||    82
       Trog's Hand       |       |       |       |     4 |     6 |     7 |    10 |    12 ||    39
       Brothers in Arms  |       |       |       |       |     1 |       |     3 |       ||     4
 Abil: Spit Poison       |    32 |    16 |    21 |    12 |     9 |       |       |       ||    90
Evoke: Wand              |       |       |       |       |     1 |       |    10 |     2 ||    13
       Condenser vane    |       |       |       |       |       |       |       |     1 ||     1
  Use: Scroll            |       |     1 |    11 |    14 |     5 |    15 |    10 |    14 ||    70
       Potion            |       |       |       |       |     9 |     1 |     1 |    10 ||    21
 Stab: Distracted        |       |       |       |       |       |       |     1 |     1 ||     2
Armor: Animal skin       |     1 |       |       |       |       |       |       |       ||     1
       Ring mail         |     6 |       |       |       |       |       |       |       ||     6
       Chain mail        |    12 |    37 |    90 |   105 |       |       |       |       ||   244
       Plate armour      |       |       |       |   157 |   412 |   554 |   888 |   623 ||  2634
Dodge: Dodged            |    26 |    65 |   123 |   250 |   497 |   479 |   691 |   370 ||  2501
Block: Buckler           |       |       |    30 |    89 |   247 |    11 |       |       ||   377
       Tower shield      |       |       |       |       |       |  1004 |  1414 |   987 ||  3405
